 Dungeon Crawl Stone Soup version 0.27-a0-1065-ge809cff456 (webtiles) character file.

Game seed: 8047162052496199306

678 vhaine the Spear-Bearer (level 7, -4/46 HPs)
             Began as a Merfolk Ice Elementalist on Apr 23, 2021.
             Slain by a killer bee (7 damage)
             ... on level 6 of the Dungeon.
             The game lasted 00:20:20 (6985 turns).

vhaine the Spear-Bearer (Merfolk Ice Elementalist)  Turns: 6985, Time: 00:20:21

Health: -4/46      AC:  8    Str: 10    XL:     7   Next: 60%
Magic:  9/10       EV:  4    Int: 15    God:
Gold:   246        SH:  0    Dex: 14    Spells: 9/10 levels left

rFire    . . .     SeeInvis .   c - +0 spear
rCold    . . .     Faith    .   (no shield)
rNeg     + + .     Spirit   .   e - +0 chain mail
rPois    .         Reflect  .   (helmet restricted)
rElec    .         Harm     .   (no cloak)
rCorr    +         Rampage  .   (no gloves)
Will     +....                  (no boots)
Stlth    ..........             d - amulet of Gozag's Regard {RegenMP Will+ rCorr Stlth+}
HPRegen  0.15/turn              h - ring of positive energy
MPRegen  0.37/turn              i - ring of positive energy

@: lethally poisoned (-4 -> -16), very slightly contaminated, hasted, very quick
A: (nimble swimmer 2), mertail, horns 1, wild magic 1
a: no special abilities


You were on level 6 of the Dungeon.
You visited 1 branch of the dungeon, and saw 6 of its levels.

You collected 246 gold pieces.

Inventory:

Hand Weapons
 c - a +0 spear (weapon)
Armour
 a - a +0 robe
 e - a +0 chain mail (worn)
Magical Staves
 m - a staff of conjuration
Jewellery
 d - the amulet of Gozag's Regard (around neck) {RegenMP Will+ rCorr Stlth+}
   (You took it off an orc on level 4 of the Dungeon)

   [amulet of magic regeneration]

   It increases your rate of magic regeneration.
   It protects you from acid and corrosion.
   It increases your willpower.
   It makes you more stealthy.
 h - a ring of positive energy (left hand)
 i - a ring of positive energy (right hand)
Scrolls
 b - 2 scrolls of identify
 f - a scroll of fog
 k - 3 scrolls of immolation
Potions
 g - a potion of mutation


   Skills:
 + Level 10.7 Polearms
 - Level 2.6 Dodging
 - Level 2.1 Stealth
 - Level 2.0 Spellcasting
 - Level 5.2 Ice Magic


You had 9 spell levels left.
You knew the following spells:

 Your Spells              Type           Power      Damage    Failure   Level
a - Freeze                Ice            88%        1d10      96%         1

Your spell library contained the following spells:

 Spells                   Type           Power      Damage    Failure   Level
 Frozen Ramparts          Ice            44%        1d6       100%        3
 Ozocubu's Armour         Ice            22%        N/A       100%        3
 Hailstorm                Conj/Ice       12%        3d5       100%        4
 Metabolic Englaciation   Hex/Ice        6%         N/A       100%        5


Dungeon Overview and Level Annotations

Branches:
Dungeon (6/15)
 Temple: D:4-7

Altars:
Dithmenos

Annotations:
D:3 1 exclusion, Grinder
D:4 exclusion: ogre
D:5 Dowan, Duvessa


Innate Abilities, Weirdness & Mutations

((You are quick and stealthy near water. (Stealth+, EV+, Speed+++)))
Your lower body shifts to a powerful aquatic tail in water.
You have a pair of small horns on your head.
Your spells are a little harder to cast, but a little more powerful.


Message History

You feel sick. The killer bee stings you.
You feel sick. The killer bee stings you.
You are more poisoned.
The killer bee poisons you!
You feel very sick.
The killer bee stings you but does no damage.
As you read the scroll labelled XASEKY NASUNE, it crumbles to dust.
You feel aware of your surroundings.
It was a scroll of magic mapping.
You feel very sick. The killer bee stings you.
You are more poisoned.
The killer bee poisons you!
The killer bee stings you but does no damage.
You feel yourself speed up.
You feel very sick.
The killer bee stings you but does no damage. x2
* * * LOW HITPOINT WARNING * * *
You feel sick.
* * * LOW HITPOINT WARNING * * *
You feel sick.
The killer bee stings you but does no damage.
You feel sick.
Casting: Freeze (safe; 96% risk of failure)
Confirm with . or Enter, or press ? or * to list all spells.
Aiming: Freeze (safe; 96% risk of failure)
Press: ? - help, Shift-Dir - straight line, f - killer bee
Aim: a killer bee (lightly wounded)
You miscast Freeze.
You are very lightly contaminated with residual magic.
Nothing appears to happen.
You feel sick.
The killer bee stings you but does no damage.
The killer bee stings you.
* * * LOW HITPOINT WARNING * * *
You are more poisoned.
The killer bee poisons you!
As you read the scroll of fog, it crumbles to dust.
The scroll dissolves into smoke.
* * * LOW HITPOINT WARNING * * *
You feel sick. The killer bee stings you!
You die...

##.#########.....#
#.# ####### #.# #
#.# # #.# # #.# #
##§# * #§§#######
*** #@§§.....# *,,
#y######.#******,*
#y# **,*,*,*,*,*,
#§# *,,,,,,,>,,,,
#.## **,*,*,*,*,*,
#..# *,,,,,,,,,,,,
##.# **,*,*,*,*,*,
*#.#**,,,,,,,,,,,,
#.....#,*,*,*,*,*,


You could see 2 killer bees.

Vanquished Creatures
  A water moccasin (D:5)
  An orc warrior (D:4)
  2 phantoms (D:4)
  A scorpion (D:5)
  An orc priest (D:4)
  A jelly (D:4)
  An iguana (D:5)
  Robin (D:3)
  5 adders
  An adder skeleton (D:4)
  2 worms (D:2)
  A dart slug (D:3)
  7 orcs
  6 ball pythons
  3 endoplasms
  8 giant cockroaches
  16 goblins
  6 hobgoblins
  17 jackals
  3 quokkas
  6 bats
  3 frilled lizards (D:3)
  5 kobolds
  7 rats
105 creatures vanquished.

Notes
Turn   | Place    | Note
-------+----------+-------------------------------------------
     0 | D:1      | vhaine the Merfolk Ice Elementalist began the quest for the
                  | Orb.
     0 | D:1      | Reached XP level 1. HP: 13/13 MP: 3/3
   239 | D:1      | Reached XP level 2. HP: 19/19 MP: 1/5
   358 | D:1      | Reached skill level 5 in Ice Magic
   793 | D:2      | Reached skill level 1 in Polearms
  1054 | D:2      | Reached XP level 3. HP: 24/24 MP: 6/6
  1143 | D:2      | Reached skill level 2 in Polearms
  1578 | D:2      | Found a faded altar of an unknown god.
  1595 | D:2      | Reached skill level 3 in Polearms
  1767 | D:2      | Reached XP level 4. HP: 27/30 MP: 3/7
  1865 | D:2      | Reached skill level 4 in Polearms
  1969 | D:2      | Found a shadowy altar of Dithmenos.
  2405 | D:3      | Noticed Robin
  2513 | D:3      | You fall into a shaft and drop 2 floors!
  2513 | D:5      | Entered Level 5 of the Dungeon
  2518 | D:5      | Noticed a phantom
  2547 | D:5      | Noticed Duvessa
  2715 | D:5      | Gained mutation: You have a pair of small horns on your
                  | head. [potion of mutation]
  2715 | D:5      | Gained mutation: Your spells are a little harder to cast,
                  | but a little more powerful. [potion of mutation]
  2914 | D:4      | Reached skill level 5 in Polearms
  3104 | D:4      | Noticed an orc warrior
  3126 | D:4      | Reached XP level 5. HP: 35/35 MP: 6/8
  3202 | D:4      | Noticed an ogre
  3219 | D:4      | Identified the amulet of Gozag's Regard {RegenMP Will+
                  | rCorr Stlth+}
  3576 | D:3      | Killed Robin
  3896 | D:3      | Reached skill level 6 in Polearms
  4196 | D:3      | Noticed Grinder
  4857 | D:5      | Noticed Dowan
  4992 | D:5      | Reached skill level 7 in Polearms
  4992 | D:5      | Reached XP level 6. HP: 26/41 MP: 5/9
  5595 | D:5      | Noticed a water moccasin
  5619 | D:5      | Killed a water moccasin
  5620 | D:5      | Reached skill level 8 in Polearms
  5745 | D:4      | Reached skill level 9 in Polearms
  5747 | D:4      | Killed an orc warrior
  5748 | D:4      | Reached XP level 7. HP: 25/46 MP: 6/10
  6255 | D:4      | Reached skill level 10 in Polearms
  6985 | D:6      | Slain by a killer bee

Illustrated notes

Levels and vault maps discovered:
D:1:      dpeg_arrival_ternary, layout_basic, hangedman_abyss_or_decor_stabs
D:2:      layout_loops_ring, hellmonk_ecumenical_altar_pennies_from_heaven,
          basic_altar
D:3:      minmay_diamond_boxcup, layout_loops_cross, uniq_robin, uniq_grinder
D:4:      layout_rooms, minmay_misc_feat_alley, hangedman_abyss_or_decor_stagger
D:5:      layout_gridville, uniq_duvessa
D:6:      layout_loops_ring, st_stairs_11, kennysheep_generic_room_8

Skill      XL: |  1  2  3  4  5  6  7 |
---------------+----------------------+-----
Ice Magic      | 5 |  5.2
Polearms       | 1 3 5 7 9 10 | 10.7
Dodging        | |  2.6
Stealth        | |  2.1
Spellcasting   | |  2.0

Action                   |  1- 3 |  4- 6 |  7- 9 || total
-------------------------+-------+-------+-------++-------
Melee: Spear             |    46 |   207 |    60 ||   313
       Headbutt          |       |    11 |    10 ||    21
 Cast: Freeze            |    38 |    54 |       ||    92
  Use: Scroll            |       |     5 |     2 ||     7
       Potion            |       |     5 |     1 ||     6
 Stab: Sleeping          |     3 |    11 |       ||    14
       Distracted        |       |     1 |       ||     1
Armor: Robe              |     3 |    17 |       ||    20
       Skin              |       |    27 |     4 ||    31
       Chain mail        |       |       |    21 ||    21
Dodge: Dodged            |    19 |    74 |     9 ||   102

Table legend: (Time is in decaauts)
 A = Elapsed time spent in this place.
 B = Non-inter-level travel time spent in this place.
 C = Inter-level travel time spent in this place.
 D = Time resting spent in this place.
 E = Time spent auto-exploring this place.
 F = Levels seen in this place.
 G = Mean time per level.
                   A        B        C        D        E       F      G
               +--------+--------+--------+--------+--------+-----+--------+
         Total |   6911 |   6688 |    223 |   2849 |   2361 |   6 | 1151.8 |
       Dungeon |   6911 |   6688 |    223 |   2849 |   2361 |   6 | 1151.8 |
               +--------+--------+--------+--------+--------+-----+--------+

Top non-repeatable levels by time:
     D:4: 1830 daAuts
     D:2: 1455 daAuts
     D:5: 1329 daAuts
     D:3: 1284 daAuts
     D:1: 734 daAuts
     D:6: 276 daAuts
